 Dungeon Crawl Stone Soup version 0.19.5 (webtiles) character file.

8990 McKennaii the Thaumaturge (level 11, -9/55 HPs)
             Began as a Deep Elf Fire Elementalist on May 12, 2017.
             Was a Priest of Vehumet.
             Mangled by a hornet (10 damage)
             ... on level 11 of the Dungeon.
             The game lasted 00:41:11 (11246 turns).

McKennaii the Thaumaturge (DEFE)                   Turns: 11246, Time: 00:41:12

Health: -9/55      AC: 14    Str:  5    XL:     11   Next: 17%
Magic:  6/29       EV: 11    Int: 24    God:    Vehumet [***...]
Gold:   678        SH:  4    Dex: 15    Spells: 8 memorised, 16 levels left

rFire  + . .     SeeInvis +     I - +2 quarterstaff (chaos)
rCold  + . .     Gourm    .     l - +3 ring mail {rC+}
rNeg   + . .     Faith    .     (shield currently unavailable)
rPois  .         Spirit   .     P - +0 hat {SInv}
rElec  .         Reflect  +     i - +1 cloak
rCorr  .         Harm     .     K - +2 pair of gloves
MR     +....                    (no boots)
Stlth  ++........               z - +4 amulet of reflection
                                C - ring of protection from fire
                                m - ring of positive energy

@: no status effects
A: no striking features
a: Renounce Religion


You were on level 11 of the Dungeon.
You worshipped Vehumet.
Vehumet was most pleased with you.
You were hungry.

You visited 2 branches of the dungeon, and saw 12 of its levels.

You collected 678 gold pieces.

Inventory:

Hand Weapons
 I - a +2 quarterstaff of chaos (weapon)
Armour
 i - a +1 cloak (worn)
 l - a +3 ring mail of cold resistance (worn)
 K - a +2 pair of gloves (worn)
 P - a +0 hat of see invisible (worn)
 T - a +0 robe of resistance
Jewellery
 m - a ring of positive energy (left hand)
 z - a +4 amulet of reflection (around neck)
 C - a ring of protection from fire (right hand)
 O - an uncursed ring of stealth
 X - a cursed -2 ring of protection {unknown}
Wands
 p - a wand of flame (16/48)
 t - a wand of disintegration (12/24)
 G - a wand of digging (15/24)
 J - a wand of iceblast (6/15)
 Q - a wand of slowing (24/48)
 V - a wand of polymorph (13/24)
 W - a wand of flame (22/48)
Scrolls
 f - 3 scrolls of blinking {unknown}
 g - 3 scrolls of remove curse
 o - 3 scrolls of enchant weapon {unknown}
 r - 3 scrolls of amnesia
 u - 4 scrolls of identify {unknown}
 v - 4 scrolls of fog {unknown}
 y - 2 scrolls of fear {unknown}
 A - a scroll of enchant armour
 B - 4 scrolls of recharging {unknown}
 E - a scroll of silence {unknown}
 L - a scroll of magic mapping {unknown}
 M - a scroll of random uselessness {unknown}
Potions
 d - 3 potions of degeneration {unknown}
 e - a potion of cure mutation {unknown}
 j - a potion of lignification {unknown}
 n - 4 potions of curing
 s - 2 potions of ambrosia {unknown}
 w - 2 potions of brilliance {unknown}
 D - a potion of resistance {unknown}
 F - a potion of beneficial mutation {unknown}
 H - a potion of might {unknown}
 S - 3 potions of flight {unknown}
 U - a potion of mutation {unknown}
Books
 b - a book of Flames

   Spells                             Type                      Level
   a - Flame Tongue                   Conjuration/Fire             1
   b - Throw Flame                    Conjuration/Fire             2
   c - Conjure Flame                  Conjuration/Fire             3
   d - Inner Flame                    Hexes/Fire                   3
   e - Sticky Flame                   Conjuration/Fire             4
   f - Fireball                       Conjuration/Fire             5
 N - a book of Geomancy

   Spells                             Type                      Level
   a - Sandblast                      Earth                        1
   b - Passwall                       Transmutation/Earth          2
   c - Stone Arrow                    Conjuration/Earth            3
   d - Petrify                        Transmutation/Earth          4
   e - Lee's Rapid Deconstruction     Earth                        5
 R - a book of Battle

   Spells                             Type                      Level
   a - Infusion                       Charms                       1
   b - Shroud of Golubria             Charms/Translocation         2
   c - Song of Slaying                Charms                       2
   d - Spectral Weapon                Hexes/Charms                 3
   e - Regeneration                   Charms/Necromancy            3
Comestibles
 a - 8 fruits
 c - 6 bread rations
 h - 2 beef jerkies
 k - 2 meat rations
 x - 2 slices of pizza
 Y - a royal jelly


   Skills:
 + Level 0.8 Fighting
 + Level 4.2 Armour
 + Level 4.7 Dodging
 + Level 4.0 Stealth
 + Level 12.6 Spellcasting
 + Level 9.9 Conjurations
 + Level 10.3 Fire Magic
 + Level 1.5 Earth Magic


You had 16 spell levels left.
You knew the following spells:

 Your Spells              Type           Power        Failure   Level  Hunger
a - Flame Tongue          Conj/Fire      #####        1%          1    None
b - Magic Dart            Conj           ####         1%          1    None
c - Conjure Flame         Conj/Fire      ######..     1%          3    None
d - Stone Arrow           Conj/Erth      #####.       1%          3    None
e - Sting                 Conj/Pois      ####         1%          1    None
f - Fireball              Conj/Fire      ######....   2%          5    ###....
g - Throw Flame           Conj/Fire      ######       1%          2    None
h - Ignite Poison         Fire/Tmut/Pois ####....     4%          3    None


Dungeon Overview and Level Annotations

Branches:
Dungeon (11/15)            Temple (1/1) D:6            Lair (0/6) D:8
    Orc: D:9-12

Altars:
Ashenzari
Cheibriados
Dithmenos
Elyvilon
Fedhas
Gozag
Hepliaklqana
Kikubaaqudgha
Makhleb
Nemelex Xobeh
Okawaru
Qazlal
Ru
Sif Muna
Trog
Uskayaw
Vehumet
Xom
Yredelemnul
Zin
The Shining One

Shops:
D:6 }

Annotations:
D:9 Joseph
D:11 Maurice


Message History

Casting: Flame Tongue
Confirm with . or Enter, or press ? or * to list all spells.
Aiming: Flame Tongue
Press: ? - help, Shift-Dir - straight line, f/p - hornet
Aim: a hornet (almost dead)
The flame tongue hits the hornet.
The hornet appears unharmed.
The hornet is almost dead.
You feel yourself speed up. The hornet barely misses you.
Maurice says, "Very interesting."
You block the hornet's attack.
Casting: Flame Tongue
Confirm with . or Enter, or press ? or * to list all spells.
Aiming: Flame Tongue
Press: ? - help, Shift-Dir - straight line, f/p - hornet
Aim: a hornet (almost dead)
The flame tongue misses the hornet.
The flame tongue hits the necrophage.
The necrophage is heavily damaged.
The hornet stings you!
You die...

#........#
#.#.#..@.#####
#..............
#..#.....########.
#........#
######@## #n# #y#
#@# #.# #<# #.#
###########.######
#.)................
#.)........########
#.(.)......#
#..........#


You could see Maurice (invisible), a hornet and a necrophage.

Vanquished Creatures
  Gastronok (D:8)
  Fannar (D:11)
  Pikel (D:9)
  2 hill giants
  A troll (D:11)
  Prince Ribbit (D:7)
  A two-headed ogre (D:10)
  2 hippogriffs
  A yak (D:10)
  2 slaves (D:9)
  A black bear (D:6)
  4 sky beasts
  3 phantoms
  An eye of draining (D:9)
  3 ogres
  3 ice beasts
  5 centaurs
  A crocodile (D:9)
  4 big kobolds
  5 bullfrogs
  5 killer bees (D:9)
  10 howler monkeys
  7 crimson imps
  A centaur skeleton (D:8)
  Crazy Yiuf (D:7)
  3 hounds
  5 jellies
  4 orc priests
  2 bullfrog skeletons
  3 iguanas
  Terence (D:1)
  Natasha (twice) (D:2)
  3 orc wizards
  7 worker ants
  A hound zombie (D:5)
  8 adders
  4 gnolls
  A howler monkey skeleton (D:9)
  An ooze (D:2)
  3 worms
  5 leopard geckos
  18 orcs
  7 giant cockroaches
  10 goblins
  7 hobgoblins
  12 jackals
  16 kobolds
  3 quokkas
  4 ball pythons
  4 bats (D:2)
  A frilled lizard (D:2)
  A jackal zombie (D:5)
  A leopard gecko skeleton (D:5)
  8 rats
212 creatures vanquished.

Notes
Turn   | Place    | Note
-------+----------+-------------------------------------------
     0 | D:1      | McKennaii the Deep Elf Fire Elementalist began the quest for the Orb.
     0 | D:1      | Reached XP level 1. HP: 10/10 MP: 6/6
   711 | D:1      | Reached XP level 2. HP: 12/15 MP: 6/8
   989 | D:2      | Noticed Terence
  1326 | D:2      | Reached XP level 3. HP: 18/19 MP: 7/9
  1333 | D:2      | Learned a level 2 spell: Throw Flame
  1337 | D:2      | Learned a level 3 spell: Conjure Flame
  1803 | D:1      | Killed Terence
  1803 | D:1      | Reached XP level 4. HP: 24/24 MP: 1/11
  1995 | D:2      | Reached skill level 4 in Spellcasting
  2057 | D:2      | Noticed Natasha
  2063 | D:2      | Killed Natasha
  2152 | D:2      | Noticed Natasha
  2157 | D:2      | Killed Natasha
  2157 | D:2      | Reached XP level 5. HP: 28/28 MP: 9/13
  2200 | D:2      | Found a burning altar of Makhleb.
  2656 | D:3      | Found a glowing silver altar of Zin.
  2657 | D:3      | Found a sparkling altar of Nemelex Xobeh.
  2657 | D:3      | Found a blossoming altar of Fedhas.
  2659 | D:3      | Found a sacrificial altar of Ru.
  3436 | D:4      | Found an iron altar of Okawaru.
  3794 | D:5      | Entered Level 5 of the Dungeon
  3806 | D:5      | Reached skill level 5 in Fire Magic
  3853 | D:5      | Reached XP level 6. HP: 21/32 MP: 3/15
  3864 | D:5      | Noticed a sky beast
  3875 | D:5      | Killed a sky beast
  3875 | D:5      | Reached skill level 5 in Spellcasting
  4015 | D:5      | Reached skill level 1 in Armour
  4086 | D:5      | Reached XP level 7. HP: 14/36 MP: 10/17
  4312 | D:5      | Reached skill level 6 in Spellcasting
  5312 | D:6      | Found a staircase to the Ecumenical Temple.
  5372 | D:6      | Reached skill level 5 in Conjurations
  5409 | D:6      | Reached XP level 8. HP: 42/42 MP: 13/20
  5426 | D:6      | Reached skill level 7 in Spellcasting
  5444 | D:6      | Found Lytapheh's Gadget Shoppe.
  5679 | Temple   | Entered the Ecumenical Temple
  5796 | Temple   | Became a worshipper of Vehumet
  6366 | D:7      | Noticed Prince Ribbit
  6392 | D:7      | Killed Prince Ribbit
  6450 | D:7      | Found a runed door.
  6610 | D:7      | Reached skill level 8 in Spellcasting
  7090 | D:7      | Noticed Crazy Yiuf
  7096 | D:7      | Killed Crazy Yiuf
  7318 | D:8      | Reached XP level 9. HP: 46/46 MP: 19/23
  7472 | D:8      | Learned a level 3 spell: Stone Arrow
  7478 | D:8      | Learned a level 5 spell: Fireball
  7547 | D:8      | Noticed Gastronok
  7575 | D:8      | Killed Gastronok
  7575 | D:8      | Reached skill level 10 in Spellcasting
  7657 | D:8      | Found a shimmering altar of Xom.
  7780 | D:8      | Found a staircase to the Lair.
  7821 | D:8      | Reached * piety under Vehumet
  7821 | D:8      | Offered knowledge of Sting by Vehumet.
  7862 | D:8      | You fall through a shaft for 3 floors!
  7865 | D:11     | Reached XP level 10. HP: 45/51 MP: 7/26
  7904 | D:10     | Entered Level 10 of the Dungeon
  8087 | D:9      | Noticed Joseph
  8575 | D:8      | Found a snail-covered altar of Cheibriados.
  8645 | D:8      | Reached skill level 11 in Spellcasting
  8779 | D:8      | Learned a level 1 spell: Sting
  9015 | D:9      | Reached ** piety under Vehumet
  9149 | D:9      | Offered knowledge of Magic Dart by Vehumet.
  9616 | D:9      | Noticed Pikel
  9630 | D:9      | Killed Pikel
  9930 | D:10     | Reached skill level 1 in Earth Magic
  9933 | D:10     | Learned a level 1 spell: Magic Dart
 10256 | D:10     | Found a shimmering altar of Xom.
 10316 | D:10     | Offered knowledge of Ignite Poison by Vehumet.
 10395 | D:10     | Reached skill level 12 in Spellcasting
 10659 | D:11     | Reached skill level 10 in Fire Magic
 10661 | D:11     | Noticed Fannar
 10745 | D:11     | Noticed a purple ugly thing
 10746 | D:11     | Killed Fannar
 10746 | D:11     | Reached XP level 11. HP: 49/55 MP: 1/29
 10765 | D:10     | Noticed a hill giant
 10799 | D:10     | Killed a hill giant
 10799 | D:10     | Reached *** piety under Vehumet
 10931 | D:11     | Noticed a purple ugly thing
 10991 | D:10     | Learned a level 3 spell: Ignite Poison
 11217 | D:11     | Noticed a hill giant
 11224 | D:11     | Killed a hill giant
 11230 | D:11     | Paralysed by a hornet for 2 turns
 11234 | D:11     | Noticed Maurice
 11236 | D:11     | Paralysed by a hornet for 3 turns
 11237 | D:11     | HP: 2/53 [poisoned by a hornet]
 11244 | D:11     | HP: 1/55 [hornet (5)]
 11246 | D:11     | Mangled by a hornet

Skill      XL: |  1  2  3  4  5  6  7  8  9 10 |
---------------+-------------------------------+-----
Fire Magic     | 4 5 6 7 9 10 | 10.3
Dodging        | 3 4 |  4.7
Spellcasting   | 4 5 6 8 10 12 | 12.6
Conjurations   | 2 3 4 5 6 8 9 |  9.9
Armour         | 1 2 3 4 |  4.2
Stealth        | 3 4 |  4.0
Earth Magic    | 1 |  1.5
Fighting       | |  0.8

Action                   |  1- 3 |  4- 6 |  7- 9 | 10-12 || total
-------------------------+-------+-------+-------+-------++-------
Melee: Unarmed           |     2 |     1 |     1 |       ||     4
 Cast: Flame Tongue      |    78 |   100 |   223 |   198 ||   599
       Conjure Flame     |     3 |       |     5 |     4 ||    12
       Throw Flame       |     1 |     5 |     9 |    15 ||    30
       Fireball          |       |       |     2 |    14 ||    16
       Stone Arrow       |       |       |     1 |    10 ||    11
       Magic Dart        |       |       |       |    11 ||    11
       Sting             |       |       |       |     1 ||     1
  Use: Scroll            |       |     5 |     1 |     4 ||    10
       Potion            |       |       |       |     4 ||     4
  Eat: Chunk             |     4 |    15 |     3 |    11 ||    33
       Pizza             |       |       |       |     1 ||     1
Armor: Robe              |    12 |       |       |       ||    12
       Ring mail         |       |    21 |    38 |    71 ||   130
Dodge: Dodged            |    46 |    23 |    42 |    68 ||   179
Block: Other             |       |       |     4 |    29 ||    33
